 Dungeon Crawl Stone Soup version 0.19.1 (webtiles) character file.

3038 M4edhros the Martial Artist (level 9, 0/58 HPs)
             Began as an Octopode Necromancer on Dec 13, 2016.
             Was an Initiate of Cheibriados.
             Slain by a yak (16 damage)
             ... on level 9 of the Dungeon.
             The game lasted 00:18:52 (3685 turns).

M4edhros the Martial Artist (Octopode Necromancer)  Turns: 3685, Time: 00:18:53

Health: 0/58       AC:  7    Str: 12    XL:     9   Next: 86%
Magic:  9/12       EV: 18    Int: 18    God:    Cheibriados [......]
Gold:   216        SH:  6    Dex: 18    Spells: 4 memorised, 2 levels left

rFire  + . .     SeeInvis .       - Unarmed
rCold  + + .     Gourm    .     h - +0 buckler
rNeg   + . .     Faith    .     (helmet restricted)
rPois  +         Spirit   .     (no amulet)
rElec  +         Reflect  .     d - +6 ring of protection
rCorr  +         Harm     .     f - ring of positive energy
MR     .....     Clarity  +     r - +2 ring of dexterity
Stlth  +++.......               (no ring)
                                (no ring)
                                (no ring)
                                (no ring)
                                (no ring)

@: mighty, resistant, very slightly contaminated, regenerating, slow
A: almost no armour, stealthy swim, amphibious, 8 rings, constrict 8, camouflage
1, clarity, cold resistance 1, weak 1, gelatinous body 1
a: Bend Time, Renounce Religion


You were on level 9 of the Dungeon.
You worshipped Cheibriados.
Cheibriados was noncommittal.
You were not hungry.

You visited 2 branches of the dungeon, and saw 10 of its levels.
You also visited: Ossuary.

You collected 319 gold pieces.
You spent 103 gold pieces at shops.

Inventory:

Missiles
 g - 14 tomahawks (quivered)
Armour
 h - a +0 buckler (worn)
Jewellery
 d - a +6 ring of protection (left tentacle)
 f - a ring of positive energy (right tentacle)
 r - a +2 ring of dexterity (on tentacle)
 t - an uncursed ring of teleportation
Wands
 s - a wand of confusion (26/48)
 y - a wand of hasting (3/9)
Scrolls
 c - 2 scrolls of teleportation {unknown}
 e - 2 scrolls of enchant weapon {unknown}
 i - a scroll of enchant armour {unknown}
 j - 2 scrolls of blinking
 l - a scroll of fog {unknown}
 n - a scroll of amnesia
 p - 2 scrolls of remove curse
 u - a scroll of magic mapping
Potions
 k - 2 potions of brilliance
 v - a potion of cancellation
 w - a potion of heal wounds
 C - a potion of curing
 D - a potion of might
Books
 a - a book of Necromancy

   Spells                             Type                      Level
   a - Pain                           Necromancy                   1
   b - Animate Skeleton               Necromancy                   1
   c - Vampiric Draining              Necromancy                   3
   d - Regeneration                   Charms/Necromancy            3
   e - Animate Dead                   Necromancy                   4
   f - Control Undead                 Necromancy                   4
 m - a book of Changes

   Spells                             Type                      Level
   a - Beastly Appendage              Transmutation                1
   b - Sticks to Snakes               Transmutation                2
   c - Spider Form                    Transmutation/Poison         3
   d - Ice Form                       Ice/Transmutation            4
   e - Blade Hands                    Transmutation                5
 E - a book of Callings

   Spells                             Type                      Level
   a - Summon Small Mammal            Summoning                    1
   b - Call Imp                       Summoning                    2
   c - Call Canine Familiar           Summoning                    3
   d - Summon Guardian Golem          Hexes/Summoning              3
   e - Summon Lightning Spire         Summoning/Air                4
   f - Summon Ice Beast               Ice/Summoning                4
Comestibles
 b - 3 bread rations
 o - a slice of pizza
 q - a meat ration
 A - 3 fruits
 B - a beef jerky
 F - 4 chunks of flesh


   Skills:
 + Level 3.9 Fighting
 + Level 6.5 Dodging
 - Level 2.6 Stealth
 * Level 5.1 Shields
 + Level 8.5 Unarmed Combat
 - Level 2.0 Spellcasting
 - Level 4.0 Necromancy
 * Level 4.4 Transmutations


You had 2 spell levels left.
You knew the following spells:

 Your Spells              Type           Power        Failure   Level  Hunger
a - Pain                  Necr           ###.         3%          1    #......
b - Animate Skeleton      Necr           N/A          3%          1    #......
c - Regeneration          Chrm/Necr      #.........   24%         3    ###....
d - Blade Hands           Tmut           ###.......   87%         5    ######.


Dungeon Overview and Level Annotations

Branches:
Dungeon (9/15)             Temple (1/1) D:4
   Lair: D:8-11         Orc: D:9-12

Altars:
Ashenzari
Cheibriados
Fedhas
Gozag
Hepliaklqana
Makhleb
Nemelex Xobeh
Sif Muna
Zin
The Shining One

Shops:
D:4 [   D:7 (

Annotations:
D:4 exclusion: scorpion
D:9 Maurice


Innate Abilities, Weirdness & Mutations

You cannot wear most types of armour.
You are very stealthy in the water. (Stealth+)
You are amphibious.
You can wear up to eight rings at the same time.
You can use your tentacles to constrict eight enemies at once.
Your skin changes colour to match your surroundings (Stealth+).
Your rubbery body absorbs attacks. (AC +1, EV +1)
You possess an exceptional clarity of mind.
Your flesh is cold resistant. (rC+)
You are weak. (Str -2)


Message History

Confirm with . or Enter, or press ? or * to list all spells.
Your skin crawls.
The bullfrog hits you. The yak completely misses you.
The bullfrog barely misses you.
You barely miss the yak.
The yak is severely wounded.
You block the bullfrog's attack. The yak closely misses you.
You barely miss the yak.
The bullfrog gives a loud, deep croak!
You squeeze the yak.
The yak is almost dead.
The bullfrog hits you but does no damage.
You closely miss the yak. You squeeze the yak, but do no damage.
The yak is almost dead.
The yak gores you! The bullfrog closely misses you.
You tentacle-slap the yak but do no damage.
The yak is almost dead.
The bullfrog hits you!
* * * LOW HITPOINT WARNING * * *
The yak gores you!
You die...

............P.......
....## #.....>#.#
.##....##.##.........
....##... #..........
#......###.#.###....
..........#.# ...
###.[.<....# ##
##.....#### #Y@....#
###F#....# #.hY######
#.##Y...# F..


YYY.# ..## Y..)# .. ....?. . .....## ....... You could see 2 yaks, 2 bullfrogs
and a howler monkey.

Vanquished Creatures
  Grinder (D:6)
  Eustachio (D:6)
  The ghost of M4edhros the Insei, an amateur OpNe (D:6)
  Duvessa (D:6)
  A water moccasin (D:8)
  2 orc warriors
  2 ice beasts
  A necrophage (D:8)
  A phantom (D:6)
  3 ogres
  A centaur (D:6)
  4 bullfrogs
  Dowan (D:6)
  6 water moccasin zombies (Ossuary)
  3 howler monkeys
  2 crimson imps (D:6)
  2 orc priests (D:8)
  A centaur zombie (D:8)
  3 hounds
  A bullfrog skeleton (D:4)
  5 orc wizards
  An iguana (D:5)
  4 worker ants
  3 big kobold zombies (Ossuary)
  A hound skeleton (D:5)
  2 mummies (Ossuary)
  8 adders
  An adder skeleton (D:6)
  5 adder zombies (Ossuary)
  A dart slug (D:5)
  3 leopard geckos
  22 orcs
  3 bats
  4 giant cockroaches
  8 gnoll zombies (Ossuary)
  A goblin (D:1)
  2 hobgoblins (D:1)
  4 jackals (D:6)
  2 quokkas
  A ball python (D:5)
  A frilled lizard (D:5)
  A goblin zombie (D:6)
  3 hobgoblin zombies (Ossuary)
  A jackal skeleton (D:5)
  3 kobolds
  2 kobold zombies (Ossuary)
  A leopard gecko zombie (D:7)
  5 orc zombies (Ossuary)
  A quokka zombie (D:6)
  2 rats (D:1)
139 creatures vanquished.

Notes
Turn   | Place    | Note
-------+----------+-------------------------------------------
     0 | D:1      | M4edhros the Octopode Necromancer began the quest for the Orb.
     0 | D:1      | Reached XP level 1. HP: 11/11 MP: 3/3
    30 | D:1      | Reached skill level 1 in Unarmed Combat
    62 | D:1      | Learned a level 1 spell: Animate Skeleton
    92 | D:1      | Reached XP level 2. HP: 11/17 MP: 1/5
   148 | D:1      | Reached skill level 2 in Unarmed Combat
   337 | D:4      | Noticed a scorpion
   359 | D:4      | Reached XP level 3. HP: 21/21 MP: 6/6
   364 | D:4      | Learned a level 3 spell: Regeneration
   392 | D:4      | Reached skill level 3 in Unarmed Combat
   392 | D:4      | Reached XP level 4. HP: 14/27 MP: 7/7
   397 | D:4      | Found a sparkling altar of Nemelex Xobeh.
   413 | D:5      | Entered Level 5 of the Dungeon
   566 | D:6      | Noticed a phantom
   652 | D:6      | Found a sand-covered staircase.
   660 | Ossuary  | Entered an ossuary
   688 | Ossuary  | Reached skill level 4 in Unarmed Combat
   688 | Ossuary  | Reached XP level 5. HP: 21/31 MP: 4/8
   703 | Ossuary  | Reached skill level 5 in Unarmed Combat
   722 | Ossuary  | Reached XP level 6. HP: 20/36 MP: 5/9
   825 | Ossuary  | Reached skill level 6 in Unarmed Combat
   880 | Ossuary  | Reached XP level 7. HP: 31/41 MP: 4/10
  1217 | D:6      | Noticed a gargoyle
  1257 | D:6      | Found a shattered altar of Ashenzari.
  1257 | D:6      | Found a glowing silver altar of Zin.
  1259 | D:6      | Noticed Eustachio
  1287 | D:6      | Reached skill level 7 in Unarmed Combat
  1308 | D:6      | Killed Eustachio
  1383 | D:5      | Reached XP level 8. HP: 46/46 MP: 11/11
  1527 | D:4      | Found Qoanuet's Antique Armour Shop.
  1530 | D:4      | Bought a buckler for 103 gold pieces
  1579 | D:4      | Found a deep blue altar of Sif Muna.
  1653 | D:5      | Reached skill level 5 in Dodging
  1689 | D:6      | Noticed M4edhros's ghost (amateur OpNe)
  1707 | D:6      | Killed M4edhros's ghost
  1707 | D:6      | Reached skill level 1 in Fighting
  1707 | D:6      | Reached skill level 1 in Shields
  1771 | D:6      | Learned a level 5 spell: Blade Hands
  1830 | D:7      | Found Zeonus's Antique Weapon Emporium.
  1869 | D:8      | Reached skill level 1 in Transmutations
  1913 | D:8      | Reached skill level 8 in Unarmed Combat
  1980 | D:8      | Reached XP level 9. HP: 52/54 MP: 2/12
  2045 | D:8      | Gained mutation: You are weak. (Str -2) [potion of mutation]
  2045 | D:8      | Gained mutation: Your flesh is cold resistant. (rC+) [potion of mutation]
  2045 | D:8      | Gained mutation: You possess an exceptional clarity of mind. [potion of mutation]
  2468 | D:9      | Noticed Maurice
  2632 | D:6      | Noticed Duvessa
  2632 | D:6      | Noticed Dowan
  2647 | D:6      | Killed Duvessa
  2649 | D:6      | Killed Dowan
  2813 | D:6      | Noticed Grinder
  2825 | D:6      | Killed Grinder
  2825 | D:6      | Reached skill level 5 in Shields
  2929 | D:5      | Found a hazy altar of Hepliaklqana.
  3450 | D:4      | Found a staircase to the Ecumenical Temple.
  3459 | Temple   | Entered the Ecumenical Temple
  3473 | Temple   | Became a worshipper of Cheibriados the Contemplative
  3685 | D:9      | Slain by a yak

Skill      XL: |  1  2  3  4  5  6  7  8  9 |
---------------+----------------------------+-----
Unarmed Combat | 1 2 3 4 5 6 7 8 |  8.5
Dodging        | 3 4 5 6 |  6.5
Fighting       | 2 3 |  3.9
Shields        | 3 5 |  5.1
Transmutations | 2 4 |  4.4
Stealth        | |  2.6
Spellcasting   | |  2.0
Necromancy     | |  4.0

Action                   |  1- 3 |  4- 6 |  7- 9 || total
-------------------------+-------+-------+-------++-------
Melee: Unarmed           |    30 |   105 |   370 ||   505
       Tentacles         |     7 |    26 |    76 ||   109
       Constrict         |     7 |    24 |    69 ||   100
       Punch             |       |     4 |    19 ||    23
 Cast: Pain              |     6 |       |       ||     6
       Regeneration      |       |     8 |    27 ||    35
Evoke: Wand              |       |       |     1 ||     1
  Use: Potion            |       |     2 |    12 ||    14
       Scroll            |       |       |     8 ||     8
 Stab: Sleeping          |     2 |     1 |     6 ||     9
       Distracted        |       |       |     2 ||     2
       Confused          |       |       |     1 ||     1
  Eat: Meat ration       |       |       |     1 ||     1
       Beef jerky        |       |       |     1 ||     1
       Chunk             |       |       |     6 ||     6
       Bread ration      |       |       |     1 ||     1
Armor: Skin              |     5 |    26 |    82 ||   113
Dodge: Dodged            |    21 |    38 |   220 ||   279
Block: Buckler           |       |       |    45 ||    45
